 Dungeon Crawl Stone Soup version 0.30-a0-168-g0b976cbdc4 (webtiles) character file.

Game seed: 1900774926493502254

19 spaghetti the Trooper (level 2, 1/32 HPs)
             Began as an Ogre Chaos Knight on Sept 29, 2022.
             Was a Plaything of Xom.
             Quit the game on level 2 of the Dungeon.
             The game lasted 00:01:47 (804 turns).

spaghetti the Trooper (Ogre Chaos Knight)            Turns: 804, Time: 00:01:47

Health: 1/32       AC:  5    Str: 15    XL:     2   Next: 75%
Magic:  2/2        EV:  9    Int: 13    God:    Xom [..*...]
Gold:   60         SH:  0    Dex:  8    Spells: 1/1 levels left

rFire   . . .      SeeInvis .      - Unarmed
rCold   . . .      Faith    .    (no shield)
rNeg    . . .      Spirit   .    a - +2 robe
rPois   .          Reflect  .    (helmet restricted)
rElec   .          Harm     .    (no cloak)
rCorr   .          Rampage  .    (gloves unavailable)
Will    .....                    (boots unavailable)
Stlth   +.........               (no amulet)
HPRegen 0.10/turn                (no ring)
MPRegen 0.08/turn                (no ring)

@: lethally poisoned (1 -> -5), about to teleport, flying, hasted, very quick
A: large, unfitting armour, tough skin 1
a: Renounce Religion


You were on level 2 of the Dungeon.
You worshipped Xom.
You were a toy of Xom.
You visited 1 branch of the dungeon, and saw 2 of its levels.

You collected 60 gold pieces.


Innate Abilities, Weirdness & Mutations

You are too large for most types of armour.
You have tough skin. (AC +1)


   Skills:
 - Level 4.0 Fighting
 - Level 2.1 Dodging
 + Level 3.4 Unarmed Combat
 + Level 0.4 Summonings


You had one spell level left.
You didn't know any spells.
Your spell library contained the following spells:

 Spells                   Type           Power      Damage    Failure   Level
 Summon Small Mammal      Summ           4%         N/A       26%         1
 Call Canine Familiar     Summ           1%         N/A       61%         3
 Summon Guardian Golem    Hex/Summ       0%         N/A       65%         3

Inventory:

Missiles
 c - 17 stones {throwing}
Armour
 a - a +2 robe (worn)
Magical Staves
 i - a staff of poison {!astaff}
   (You found it on level 1 of the Dungeon)
Scrolls
 e - a scroll of identify {unknown}
Potions
 h - a potion of magic
Miscellaneous
 b - a piece from Xom's chessboard (15/15) (quivered)

Dungeon Overview and Level Annotations

Branches:
Dungeon (2/15) Zot: 11200

Altars:
###############.# .......<.@S...... ###############.#

You could see an adder.


Message History

You hit the bat.
You kill the bat!
h - 2 black potions 😎 HP[+6]
Your hp is fully restored (32).
Key pressed, stopping explore.
i - a staff of poison {!astaff} Done exploring.
Done exploring.
No target in view!
Done exploring.
Done exploring.
Done exploring.
Done exploring.
(D) Dungeon
Where to? (? - help)
There is a stone staircase leading down here.
You climb downwards.
The kobold shouts!
You hear an angry hiss.
There is a stone staircase leading up here.
A kobold is nearby!
Unknown command.
A kobold is nearby!
A kobold is nearby!
A kobold is nearby!
An adder comes into view.
The kobold hits you but does no damage.
You barely miss the kobold. You closely miss the kobold.
The kobold closely misses you.
You hit the kobold. The kobold misses you.
You hit the kobold.
You kill the kobold!
The adder bites you but does no damage.
You see here a +0 whip {mace}.
You miss the adder. The adder completely misses you.
You closely miss the adder. The adder closely misses you.
You miss the adder. The adder bites you.
You are poisoned.
The adder poisons you! The adder bites you. 😕 HP[-5]
You take 5 damage, and now have 27/32 hp.
You barely miss the adder.
You feel sick. The adder closely misses you. 😕 HP[-2]
You take 2 damage, and now have 25/32 hp.
You hit the adder but do no damage.
You feel sick. The adder barely misses you. 😮 HP[-1]
You take 1 damage, and now have 24/32 hp.
You closely miss the adder.
You feel sick.
The adder bites you but does no damage. 😮 HP[-1]
You take 1 damage, and now have 23/32 hp.
You miss the adder.
You feel sick. The adder bites you.
You are more poisoned.
The adder poisons you! The adder bites you. 😮 HP[-5]
You take 5 damage, and now have 18/32 hp.
You miss the adder.
You feel sick. The adder misses you. 😨 HP[-2]
You take 2 damage, and now have 16/32 hp.
You closely miss the adder.
You feel sick. The adder bites you.
* * * LOW HITPOINT WARNING * * *
You are lethally poisoned!
The adder poisons you! 😨 HP[-2]
You take 2 damage, and now have 14/32 hp.
It was a potion of haste.
You feel yourself speed up.
Xom is highly amused!
* * * LOW HITPOINT WARNING * * *
You feel very sick. The adder barely misses you. 😨 HP[-3]
You take 3 damage, and now have 11/32 hp.
It was a potion of flight.
You feel very buoyant.
You fly up into the air.
Xom thinks this is hilarious!
* * * LOW HITPOINT WARNING * * *
You feel sick. The adder bites you.
* * * LOW HITPOINT WARNING * * *
😱 HP[-6]
You take 6 damage, and now have 5/32 hp.
It was a potion of magic.
Magic courses through your body.
* * * LOW HITPOINT WARNING * * *
You feel sick. The adder bites you.
* * * LOW HITPOINT WARNING * * *
😱 HP[-2]
You take 2 damage, and now have 3/32 hp.
Okay, then.
Okay, then.
As you read the scroll labelled OGGEDW REFYRRA, it crumbles to dust.
You feel strangely unstable.
It was a scroll of teleportation.
* * * LOW HITPOINT WARNING * * *
You feel sick.
The adder bites you but does no damage. 😱 HP[-2]
You take 2 damage, and now have 1/32 hp.
Unknown command.
Unknown command.
Unknown command.
Are you sure you want to abandon this character and quit the game? (Confirm with "yes".)

Skill      XL: |  1 |
---------------+----+-----
Unarmed Combat | 3 |  3.4
Fighting       | |  4.0
Dodging        | |  2.1
Summonings     | |  0.4

Action                   || total
-------------------------++-------
Melee: Unarmed           ||    67
  Use: Potion            ||     3
       Scroll            ||     1
Armor: Robe              ||    37
Dodge: Dodged            ||    41

Levels and vault maps discovered:
D:1:      scummos_arrival_star, layout_rooms, chequers_serial_rivers_micro_c
D:2:      minmay_thinvault, layout_basic, minivault_14, minmay_misc_feat_rugged

Notes
Turn   | Place    | Note
-------+----------+-------------------------------------------
     0 | D:1      | spaghetti the Ogre Chaos Knight began the quest for the
                  | Orb.
     0 | D:1      | Reached XP level 1. HP: 24/24 MP: 1/1
     0 | D:1      | magus.rc [v1.9.6]
    37 | D:1      | XOM: silly message
    92 | D:1      | XOM: silly message
    98 | D:1      | Reached skill level 3 in Unarmed Combat
   100 | D:1      | Reached XP level 2. HP: 27/32 MP: 2/2
   223 | D:1      | You pick up a book of Callings and begin reading...
   223 | D:1      | You add the spells Summon Small Mammal, Call Canine
                  | Familiar and Summon Guardian Golem to your library.
   801 | D:2      | HP: 5/32 [adder (4)]
   803 | D:2      | HP: 1/32 [poisoned by an adder]
   804 | D:2      | Quit the game

Vanquished Creatures
  A dart slug (D:1)
  5 bats (D:1)
  An endoplasm (D:1)
  A giant cockroach (D:1)
  2 goblins (D:1)
  2 hobgoblins (D:1)
  3 kobolds
15 creatures vanquished.

Table legend:
 A = Non-vault XP
 B = Vault XP
 C = Vault XP percentage of total XP
 D = Non-vault monster count
 E = Vault monster count
 F = Vault count percentage of total count
                 A         B        C        D         E       F
            +---------+---------+-------+---------+---------+-------
      Total |      28 |       0 |   0.0 |      15 |       0 |   0.0
            +---------+---------+-------+---------+---------+-------
        D:1 |      26 |       0 |   0.0 |      14 |       0 |   0.0
        D:2 |       2 |       0 |   0.0 |       1 |       0 |   0.0
            +---------+---------+-------+---------+---------+-------

Illustrated notes

Table legend:
 A = Kills in this place as a percentage of kills in entire the game.
 B = Kills by you in this place as a percentage of kills by you in the entire game.
 C = Kills by friends in this place as a percentage of kills by friends in the entire game.
 D = Other kills in this place as a percentage of other kills in the entire game.
 E = Experience gained in this place as a percentage of experience gained in the entire game.
 F = Experience gained in this place divided by the number of levels of this place that you have seen.
                   A       B       C       D       E      F
               +-------+-------+-------+-------+-------+----------------------
         Total | 100.0 | 100.0 |   N/A |   N/A | 100.0 |  14.0
       Dungeon | 100.0 | 100.0 |   N/A |   N/A | 100.0 |  14.0
               +-------+-------+-------+-------+-------+----------------------

Table legend: (Time is in decaauts)
 A = Elapsed time spent in this place.
 B = Non-inter-level travel time spent in this place.
 C = Inter-level travel time spent in this place.
 D = Time resting spent in this place.
 E = Time spent auto-exploring this place.
 F = Levels seen in this place.
 G = Mean time per level.
                   A        B        C        D        E       F      G
               +--------+--------+--------+--------+--------+-----+--------+
         Total |    799 |    784 |     15 |      0 |    647 |   2 |  399.5 |
       Dungeon |    799 |    784 |     15 |      0 |    647 |   2 |  399.5 |
               +--------+--------+--------+--------+--------+-----+--------+

Top non-repeatable levels by time:
     D:1: 781 daAuts
     D:2: 17 daAuts
